 Dungeon Crawl Stone Soup version 0.26.0-10-g1f06aea511 (webtiles) character file.

Game seed: 4974927883332483697

280 Arum the Shield-Bearer (level 6, -14/49 HPs)
             Began as a Formicid Fighter on Jan 17, 2021.
             Killed by divine providence
             ... invoked by an orc priest
              (17 damage)
             ... on level 4 of the Dungeon.
             The game lasted 00:04:38 (2755 turns).

Arum the Shield-Bearer (Formicid Fighter)           Turns: 2755, Time: 00:04:38

Health: -14/49     AC: 10    Str: 22    XL:     6   Next: 52%
Magic:  6/6        EV:  8    Int:  8    God:
Gold:   238        SH: 10    Dex: 10    Spells: 5/5 levels left

rFire    . . .     SeeInvis +   a - +0 long sword
rCold    . . .     Faith    .   c - +0 kite shield
rNeg     . . .     Spirit   .   b - +0 scale mail
rPois    .         Reflect  .   (helmet unavailable)
rElec    .         Harm     .   (no cloak)
rCorr    .         Rampage  .   p - +2 pair of gloves
Will     .....                  (no boots)
Stlth    ..........             (no amulet)
HPRegen  0.16/turn              (no ring)
MPRegen  0.10/turn              (no ring)

@: flying
A: permanent stasis, dig shafts and tunnels, four strong arms, antennae 3
a: Dig, Shaft Self


You were on level 4 of the Dungeon.
You visited 1 branch of the dungeon, and saw 4 of its levels.

You collected 238 gold pieces.

Inventory:

Hand Weapons
 a - a +0 long sword (weapon)
Armour
 b - a +0 scale mail (worn)
 c - a +0 kite shield (worn)
 p - a +2 pair of gloves (worn)
Jewellery
 r - a +6 ring of intelligence {unknown}
Wands
 m - a wand of disintegration (12)
Scrolls
 e - 3 scrolls of enchant armour {unknown}
 i - 3 scrolls of remove curse {unknown}
 j - a scroll of teleportation {unknown}
 k - a scroll of fear {unknown}
 l - a scroll of immolation {unknown}
 n - a scroll of identify {unknown}
 o - a scroll of random uselessness {unknown}
 q - a scroll of noise {unknown}
 s - a scroll of amnesia {unknown}
Potions
 d - 2 potions of might
 f - 2 potions of ambrosia {unknown}
 g - a potion of curing {unknown}
 h - 2 potions of flight


   Skills:
 + Level 4.6 Fighting
 + Level 3.6 Long Blades
 + Level 4.7 Armour
 + Level 5.0 Shields


You had 5 spell levels left.
You didn't know any spells.
Your spell library was empty.

Dungeon Overview and Level Annotations

Branches:
Dungeon (4/15)
 Temple: D:4-7

Altars:
Kikubaaqudgha
Nemelex Xobeh


Innate Abilities, Weirdness & Mutations

You cannot be hasted, slowed, berserked, paralysed or teleported.
You can dig through walls and to a lower floor.
Your four strong arms can wield two-handed weapons with a shield.
You have a pair of large antennae on your head. (SInv)


Message History

* * * LOW HITPOINT WARNING * * *
The orc hits you but does no damage.
Unknown command.
You closely miss the orc priest.
The orc priest is moderately wounded.
The orc priest invokes the aid of Beogh against you.
Beogh smites you!
* * * LOW HITPOINT WARNING * * *
You block the orc's attack.
Unknown command.
You hit the orc priest.
The orc priest is heavily wounded.
You block the orc priest's attack. You block the orc's attack.
Unknown command.
It was a potion of flight.
You feel very buoyant.
You fly up into the air.
You block the orc's attack.
The orc priest calls down the wrath of Beogh upon you.
Beogh smites you!
You die...

.......#÷#######....##.....
...#......#..#....##.#...#
.. ......##.........##.##..#
.. ..............#..§.###.#
..
.......#..####...w{.wl####..
.......#...####.#####.#....<
............###....o..oo....
........#>..#.......#......
.....#?###@o##.o##.##$.<...
.....#. #.o....#.. #......
!... .. #......#.. #...###
... ... ...Z.#.#. #...#
....... ......... ....# ...
##........ ......
##..#.#.#[#.#...
..............


You could see an orc priest, an orc and a bullfrog skeleton.

Vanquished Creatures
  A hound (D:3)
  An orc priest (D:4)
  Jessica (D:3)
  2 orc wizards
  6 adders
  2 oozes (D:1)
  A worm (D:2)
  A dart slug (D:2)
  3 leopard geckos
  2 orcs (D:4)
  A ball python (D:3)
  3 bats (D:1)
  7 giant cockroaches
  6 goblins
  7 hobgoblins
  12 jackals
  6 frilled lizards
  7 kobolds
  6 rats
75 creatures vanquished.

Notes
Turn   | Place    | Note
-------+----------+-------------------------------------------
     0 | D:1      | Arum the Formicid Fighter began the quest for the Orb.
     0 | D:1      | Reached XP level 1. HP: 18/18 MP: 1/1
   136 | D:1      | Reached XP level 2. HP: 24/24 MP: 2/2
   397 | D:1      | Reached XP level 3. HP: 29/29 MP: 3/3
   509 | D:1      | Reached skill level 4 in Shields
   892 | D:2      | Found a sparkling altar of Nemelex Xobeh.
   980 | D:2      | Reached XP level 4. HP: 36/37 MP: 4/4
  1763 | D:3      | Reached XP level 5. HP: 42/42 MP: 5/5
  1927 | D:3      | Found an ancient bone altar of Kikubaaqudgha.
  1967 | D:3      | Noticed Jessica
  1969 | D:3      | Killed Jessica
  2436 | D:3      | Reached XP level 6. HP: 27/49 MP: 6/6
  2667 | D:4      | Reached skill level 5 in Shields
  2755 | D:4      | Killed from afar by an orc priest

Illustrated notes

Levels and vault maps discovered:
D:1:      lemuel_arrival_cross, layout_loops_ring
D:2:      layout_loops_ring, nemelex_xobeh_ov_fountains_minmay
D:3:      layout_basic, kiku_gazebo_pond_becter, uniq_jessica
D:4:      layout_cave_pools, minivault_24, minmay_misc_feat_pillars, uniq_robin

Skill      XL: |  1  2  3  4  5  6 |
---------------+-------------------+-----
Shields        | 4 5 |  5.0
Armour         | 4 |  4.7
Fighting       | 4 |  4.6
Long Blades    | 3 |  3.6

Action                   |  1- 3 |  4- 6 || total
-------------------------+-------+-------++-------
Melee: Long sword        |    98 |   155 ||   253
 Abil: Dig               |       |     3 ||     3
  Use: Potion            |       |     1 ||     1
Armor: Scale mail        |    46 |    84 ||   130
Dodge: Dodged            |    25 |    62 ||    87
Block: Kite shield       |    69 |   100 ||   169
       Rpst.: Long sword |     8 |    19 ||    27
